 Dungeon Crawl Stone Soup version 0.29-a0-369-gd956c00756 (webtiles) character file.

Game seed: 11440499590400387688

172 holysushi the Cutter (level 5, -4/51 HPs)
             Began as a Kobold Monk on May 1, 2022.
             Slain by Pikel
             ... wielding a +2 whip of electrocution
              (13 damage)
             ... on level 5 of the Dungeon.
             The game lasted 00:03:46 (2792 turns).

holysushi the Cutter (Kobold Monk)                  Turns: 2792, Time: 00:03:46

Health: -4/51      AC:  2    Str:  8    XL:     5   Next: 83%
Magic:  14/14      EV: 16    Int: 11    God:
Gold:   123        SH:  0    Dex: 20    Spells: 4/4 levels left

rFire   . . .      SeeInvis .   a - +0 short sword (vorpal)
rCold   . . .      Faith    .   (no shield)
rNeg    . . .      Spirit   .   b - +0 robe
rPois   .          Reflect  .   (no helmet)
rElec   .          Harm     .   (no cloak)
rCorr   +          Rampage  .   (no gloves)
Will    .....                   (no boots)
Stlth   ..........              (no amulet)
HPRegen 0.17/turn               o - ring of magical power
MPRegen 0.14/turn               h - ring of resist corrosion

@: berserking, hasted, very quick
A: small, no large weapons, nightstalker 3
a: no special abilities


You were on level 5 of the Dungeon.
You visited 1 branch of the dungeon, and saw 4 of its levels.

You collected 123 gold pieces.

Inventory:

Hand Weapons
 a - a +0 vorpal short sword (weapon)
Armour
 b - a +0 robe (worn)
Jewellery
 h - a ring of resist corrosion (right hand)
 o - a ring of magical power (left hand)
Wands
 n - a wand of mindburst (13)
Scrolls
 g - a scroll of blinking
 k - 2 scrolls of identify {unknown}
 p - 2 scrolls of teleportation
Potions
 d - a potion of curing {unknown}
 e - 2 potions of flight
 f - a potion of mutation {unknown}
 j - a potion of resistance {unknown}


   Skills:
 + Level 4.6 Fighting
 * Level 7.0 Short Blades
 - Level 3.6 Dodging
 - Level 2.6 Stealth


You had 4 spell levels left.
You didn't know any spells.
Your spell library contained the following spells:

 Spells                   Type           Power      Damage    Failure   Level
 Animate Skeleton         Necr           0%         N/A       34%         1
 Pain                     Necr           0%         1d4       34%         1
 Vampiric Draining        Necr           0%         2d6       71%         3
 Blade Hands              Tmut           0%         N/A       100%        5
 Irradiate                Conj/Tmut      0%         3d13      100%        5
 Dragon Form              Tmut           0%         N/A       100%        7


Dungeon Overview and Level Annotations

Branches:
Dungeon (3/15)

Altars:
Ru
The Shining One

Annotations:
D:3 3 runed translucent doors
D:5 Pikel


Innate Abilities, Weirdness & Mutations

You are small and have problems with some larger weapons.
You are completely attuned to the shadows.


Message History

The lemure shouts!
You hit Pikel but do no damage.
Pikel is moderately wounded.
You barely miss Pikel.
Pikel is moderately wounded.
Pikel misses you.
You feel yourself speed up. Pikel closely misses you.
You hit Pikel.
Pikel is moderately wounded.
You hit Pikel but do no damage.
Pikel is moderately wounded.
Pikel hits you with a +2 whip of electrocution!
You closely miss Pikel.
Pikel is moderately wounded.
You closely miss Pikel.
Pikel is moderately wounded.
Pikel hits you with a +2 whip of electrocution!
* * * LOW HITPOINT WARNING * * *
You hit Pikel.
Pikel is heavily wounded.
You hit Pikel.
Pikel is heavily wounded.
Pikel completely misses you.
It was a potion of berserk rage.
A red film seems to cover your vision as you go berserk!
You feel yourself moving faster!
You feel mighty!
You closely miss Pikel.
Pikel is heavily wounded.
Pikel zaps a wand.
The bolt of acid misses you.
You puncture Pikel!
Pikel is almost dead.
You closely miss Pikel.
Pikel is almost dead.
Pikel zaps a wand.
The bolt of acid misses you.
You hit Pikel but do no damage.
Pikel is almost dead.
Pikel hits you with a +2 whip of electrocution.
* * * LOW HITPOINT WARNING * * *
You are electrocuted!
You die...

...# ##.#..#.#...... ####.#
##.####.#..#.#.##.#### ### ......
...##.#.#..#.#.#.....##..# ####.#
#####..............#....# #.5.#
....#.##...#.....#.#....## #..##
###.#.#....#.#####.#.....####.###
#.#.#............#.##..........
#.#.#...##.#######.##..####.###
###.#.#.........@K5.. #..# ..#
..#.#.#.##.#.######......# ##.
#.#.#.........# ##### .#
....#.#......... #.###†#........#
#.....#..... #####W#.... ...##.#
.W....#


You could see Pikel and a lemure.

Vanquished Creatures
  A lemure (D:5)
  A jelly (D:5)
  A hound (D:5)
  An iguana (D:5)
  Natasha (D:2)
  A hound zombie (D:3)
  An adder (D:2)
  A worm (D:3)
  A dart slug (D:2)
  3 endoplasms
  2 giant cockroaches (D:1)
  4 goblins
  4 hobgoblins (D:1)
  2 quokkas (D:1)
  3 ball pythons (D:1)
  3 bats
  3 frilled lizards
  3 kobolds
  3 rats (D:1)
39 creatures vanquished.

Vanquished Creatures (others)
  6 plants (D:2)
  2 withered plants (D:3)
8 creatures vanquished.

Grand Total: 47 creatures vanquished

Notes
Turn   | Place    | Note
-------+----------+-------------------------------------------
     0 | D:1      | holysushi the Kobold Monk began the quest for the Orb.
     0 | D:1      | Reached XP level 1. HP: 14/14 MP: 1/1
   130 | D:1      | Reached XP level 2. HP: 19/19 MP: 2/2
   815 | D:1      | Reached skill level 5 in Short Blades
   815 | D:1      | Reached XP level 3. HP: 24/24 MP: 3/3
  1650 | D:2      | Noticed Natasha
  1664 | D:2      | Killed Natasha
  1665 | D:2      | Reached XP level 4. HP: 9/29 MP: 4/4
  1908 | D:2      | Identified the +0 spear of Light {flame, rF+ rN+ Will+
                  | Int+2}
  1998 | D:2      | Found a faded altar of an unknown god.
  2287 | D:3      | Reached skill level 6 in Short Blades
  2323 | D:3      | Found a glowing golden altar of the Shining One.
  2427 | D:3      | Found a runed translucent gate.
  2428 | D:3      | Found a runed translucent gate.
  2429 | D:3      | Found a runed translucent gate.
  2430 | D:3      | You fall into a shaft and drop 2 floors!
  2430 | D:5      | Entered Level 5 of the Dungeon
  2432 | D:5      | Reached XP level 5. HP: 34/34 MP: 5/5
  2487 | D:5      | Found a sacrificial altar of Ru.
  2487 | D:5      | Noticed a lemure
  2487 | D:5      | Noticed a lemure
  2535 | D:5      | Killed a lemure
  2580 | D:5      | Reached skill level 7 in Short Blades
  2755 | D:5      | Noticed a phantom
  2773 | D:5      | Noticed Pikel
  2776 | D:5      | Noticed a lemure
  2792 | D:5      | Slain by Pikel

Illustrated notes

Levels and vault maps discovered:
D:1:      roderic_octagonal_star, layout_loops_cross, minmay_misc_feat_chi,
          minmay_misc_feat_columns
D:2:      layout_loops_ring, shapermc_ecumenical_altar_flowoftime,
          serial_forest, infiniplex_forest_straight_5,
          infiniplex_forest_end_double, infiniplex_forest_straight_4,
          infiniplex_forest_clump_curved, infiniplex_forest_clump_long,
          infiniplex_forest_lined_corner, uniq_natasha
D:3:      layout_loops_ring, lemuel_tele_altar,
          nicolae_overflow_quartered_altars, chei_slow_surprise,
          biasface_ghost_orc_armoury, serial_undead, serial_undead_f,
          serial_undead_b, serial_undead_b, serial_undead_e
D:5:      layout_basic, nicolae_ru_sacrificial_ziggurat,
          mainiacjoe_overflow_alcove_2, uniq_pikel, uniq_grinder

Skill      XL: |  1  2  3  4  5 |
---------------+----------------+-----
Short Blades   | 5 6 7 |  7.0
Fighting       | 4 |  4.6
Dodging        | |  3.6
Stealth        | |  2.6

Action                   |  1- 3 |  4- 6 || total
-------------------------+-------+-------++-------
Melee: Short sword       |    77 |    69 ||   146
       Punch             |     2 |       ||     2
  Use: Scroll            |       |     4 ||     4
       Potion            |       |     8 ||     8
 Stab: Sleeping          |    15 |     4 ||    19
Armor: Robe              |     4 |     3 ||     7
Dodge: Dodged            |    37 |    34 ||    71

Table legend: (Time is in decaauts)
 A = Elapsed time spent in this place.
 B = Non-inter-level travel time spent in this place.
 C = Inter-level travel time spent in this place.
 D = Time resting spent in this place.
 E = Time spent auto-exploring this place.
 F = Levels seen in this place.
 G = Mean time per level.
                   A        B        C        D        E       F      G
               +--------+--------+--------+--------+--------+-----+--------+
         Total |   2737 |   2679 |     58 |    522 |   1657 |   4 |  684.2 |
       Dungeon |   2737 |   2679 |     58 |    522 |   1657 |   4 |  684.2 |
               +--------+--------+--------+--------+--------+-----+--------+

Top non-repeatable levels by time:
     D:2: 1245 daAuts
     D:1: 1019 daAuts
     D:5: 320 daAuts
     D:3: 151 daAuts
